 Dungeon Crawl Stone Soup version 0.31-a0-875-g02e7d12df6 (webtiles) character file.

Game seed: 13532648362745259544

1311 Dirtsage the Ruffian (level 8, 0/54 HPs)
             Began as an Octopode Shapeshifter on Oct 12, 2023.
             Slain by a steam dragon (6 damage)
             ... on level 6 of the Dungeon.
             The game lasted 00:07:26 (4496 turns).

Dirtsage the Ruffian (Octopode Shapeshifter)        Turns: 4496, Time: 00:07:27

Health: 0/54       AC:  1    Str: 15    XL:     8   Next: 58%
Magic:  8/8        EV: 13    Int: 12    God:
Gold:   324        SH:  0    Dex: 12    Spells: 7/7 levels left

rFire   . .          .
                       - Unarmed
rCold   . . .        (no shield)
rNeg    . . .        (helmet currently unavailable)
rPois   .            (no amulet)
rElec   .            (no ring)
rCorr   .            (no ring)
SInv    .            (no ring)
Will    .....        (no ring)
Stlth   ++           (no ring)
HPRegen 0.29/turn    (no ring)
MPRegen 0.11/turn    (no ring)
                     (no ring)

%: no passive effects
@: beast-form, studying Earth Magic
A: beast (slay +3), almost no armour, amphibious, 8 rings, camouflage 1,
gelatinous body 1, (nimble swimmer 1), tentacles
a: Begin Untransformation


You were on level 6 of the Dungeon.
You were a hulking beast.
You visited 1 branch of the dungeon, and saw 6 of its levels.

You collected 324 gold pieces.

Inventory:

Armour
 f - a +0 buckler
Talismans
 b - a beast talisman (active)
 c - a flux talisman
Wands
 a - a wand of flame (17)
 D - a wand of digging (6)
Scrolls
 e - a scroll of acquirement {unknown}
 g - 3 scrolls of amnesia
 h - 2 scrolls of revelation {unknown}
 i - a scroll of identify
 j - a scroll of silence {unknown}
 k - 3 scrolls of immolation {unknown}
 o - a scroll of fog {unknown}
 p - a scroll of poison {unknown}
 q - a scroll of fear {unknown}
 r - a scroll of noise {unknown}
 s - 2 scrolls of brand weapon {unknown}
Potions
 d - 3 potions of might
 l - a potion of heal wounds
 m - 2 potions of enlightenment
 n - a potion of degeneration
 t - 3 potions of curing {unknown}


   Skills:
 + Level 4.4 Fighting
 - Level 2.0 Dodging
 * Level 7.0 Unarmed Combat
 * Level 6.6 Shapeshifting


You had 7 spell levels left.
You didn't know any spells.
Your spell library contained the following spells:

 Spells                   Type           Power      Damage    Failure   Level
 Ensorcelled Hibernation  Hex/Ice        0%         N/A       45%         2
 Jinxbite                 Hex            0%         N/A       45%         2
 Anguish                  Hex/Necr       0%         N/A       97%         4


Dungeon Overview and Level Annotations

Branches:
Dungeon (6/15)
 Temple: D:4-7

Altars:
Ashenzari
Cheibriados
Kikubaaqudgha
Okawaru
Qazlal
Sif Muna
Xom
Yredelemnul


Innate Abilities, Weirdness & Mutations

You are a hulking beast.
Your limbs bulge with bestial killing power. (Slay +3)
You cannot wear most types of armour.
You are amphibious.
You can wear up to eight rings at the same time.
Your skin changes colour to match your surroundings (Stealth+).
Your rubbery body absorbs attacks. (AC +1, EV +1)
((You are camouflaged when in or above water. (Stealth+)))
You have tentacles for arms and can constrict up to eight enemies at once.


Message History

You take 5 damage, and have 43/54 hp.
You bludgeon the steam dragon!
The steam dragon is heavily wounded.
The steam dragon closely misses you. The steam dragon claws you.
The sleepcap releases spores at you.
You are engulfed in a cloud of soporific spores!
You fall asleep.
The sleepcap releases spores at you.
You wake up.
You are engulfed in a cloud of soporific spores!
You are unaffected.
The steam dragon bites you. The steam dragon claws you.
You take 15 damage, and have 28/54 hp.
MASSIVE DAMAGE!!
Unknown command.
You closely miss the steam dragon.
The steam dragon is heavily wounded.
The sleepcap closely misses you. The steam dragon breathes steam at you.
The ball of steam hits you!
* * * LOW HITPOINT WARNING * * *
You hear an angry hiss.
You take 15 damage, and have 13/54 hp.
MASSIVE DAMAGE!!
Unknown command.
The sleepcap barely misses you.
You tentacle-slap the sleepcap. You grab the sleepcap.
You squeeze the sleepcap.
The sleepcap is heavily damaged.
You constrict the sleepcap. The sleepcap barely misses you.
You tentacle-slap the sleepcap but do no damage.
The sleepcap is heavily damaged.
You constrict the sleepcap. The sleepcap releases spores at you.
* * * LOW HITPOINT WARNING * * *
You take 2 damage, and have 12/54 hp.
You bludgeon the sleepcap!
You destroy the sleepcap!
An iguana comes into view.
You closely miss the steam dragon.
The steam dragon is heavily wounded.
The steam dragon bites you!
* * * LOW HITPOINT WARNING * * *
The steam dragon claws you.
You die...

........>......##....
........###...#......
##########...........
#...........#.#....#
.....#####.##....### #
#.##.#.....##.##^####.###
#.##...#####...#.#..l...#
..####...........#......#
..###J.<........hD......#
..#...........$.##......#
....######.###..##.##.###
....# #..#...#..# ...
...)# ##...#...## ...
.....# #...##.. ..$
...... #...# ... ###
..O##. ..... .... ... .
..... ....#


You could see a steam dragon and an iguana (wandering).

Vanquished Creatures
  Sigmund (D:4)
  Duvessa (D:4)
  An ice beast (D:6)
  2 ogres
  2 scorpions
  A wight (D:5)
  Dowan (D:4)
  A howler monkey (D:4)
  2 jellies
  4 hounds
  3 iguanas (D:5)
  A sleepcap (D:6)
  An orc wizard (D:3)
  Robin (D:4)
  4 adders
  A shadow imp (D:5)
  A white imp (D:5)
  4 ufetubi
  A worm (D:2)
  4 dart slugs
  13 orcs
  8 endoplasms
  3 giant cockroaches
  12 goblins
  18 hobgoblins
  5 jackals
  6 kobolds
  3 quokkas
  12 ball pythons
  5 bats
  5 frilled lizards
  6 rats
133 creatures vanquished.

Notes
Turn   | Place    | Note
-------+----------+-------------------------------------------
     0 | D:1      | Dirtsage the Octopode Shapeshifter began the quest for the
                  | Orb.
     0 | D:1      | Reached XP level 1. HP: 13/13 MP: 1/1
    72 | D:1      | Reached XP level 2. HP: 14/18 MP: 2/2
   337 | D:1      | Reached XP level 3. HP: 22/23 MP: 3/3
  1516 | D:3      | Reached XP level 4. HP: 20/29 MP: 4/4
  1536 | D:3      | Reached skill level 4 in Unarmed Combat
  1748 | D:3      | Found a basalt altar of Yredelemnul.
  1749 | D:3      | Found an ancient bone altar of Kikubaaqudgha.
  1756 | D:3      | Found a broken altar of Ashenzari.
  1785 | D:3      | Reached XP level 5. HP: 34/34 MP: 5/5
  2422 | D:4      | Noticed Robin
  2429 | D:4      | Killed Robin
  2532 | D:4      | Noticed Sigmund
  2556 | D:4      | Noticed Dowan
  2561 | D:4      | Noticed Duvessa
  2743 | D:4      | Reached XP level 6. HP: 25/41 MP: 6/6
  2954 | D:4      | Killed Duvessa
  2955 | D:4      | Reached skill level 5 in Unarmed Combat
  2955 | D:4      | Reached skill level 5 in Shapeshifting
  2955 | D:4      | Killed Dowan
  2956 | D:4      | Reached XP level 7. HP: 24/46 MP: 7/7
  3184 | D:4      | Killed Sigmund
  3308 | D:5      | Entered Level 5 of the Dungeon
  3325 | D:5      | Reached skill level 6 in Unarmed Combat
  3545 | D:5      | Reached XP level 8. HP: 24/54 MP: 8/8
  4077 | D:5      | Found an iron altar of Okawaru.
  4077 | D:5      | Found a shimmering blue altar of Sif Muna.
  4085 | D:5      | Found a snail-covered altar of Cheibriados.
  4087 | D:5      | Found a shimmering altar of Xom.
  4089 | D:5      | Found a stormy altar of Qazlal.
  4400 | D:6      | Reached skill level 7 in Unarmed Combat
  4496 | D:6      | Slain by a steam dragon

Illustrated notes

Levels and vault maps discovered:
D:1:      dpeg_arrival_more_subterranean_lakeside_camping, layout_basic,
          minmay_misc_feat_square, minmay_misc_feat_iff,
          chequers_serial_rivers_small_a
D:2:      layout_basic
D:3:      layout_basic, grunt_temple_overflow_open, serial_glass,
          glass_columns_b, glass_columns_a
D:4:      layout_cave_pools, minmay_circle_x, uniq_sigmund, uniq_duvessa,
          uniq_robin
D:5:      layout_rooms, chequers_temple_overflow_minitemple
D:6:      layout_rooms, nicolae_uskayaw_en_pointe, temple_doors_e,
          minmay_manual_mullet

Skill      XL: |  1  2  3  4  5  6  7  8 |
---------------+-------------------------+-----
Fighting       | 2 3 4 |  4.4
Unarmed Combat | 4 5 6 7 |  7.0
Shapeshifting  | 4 5 6 |  6.6
Dodging        | |  2.0

Action                     |  1- 3 |  4- 6 |  7- 9 || total
---------------------------+-------+-------+-------++-------
  Melee: Unarmed           |    76 |   102 |    85 ||   263
         Tentacles         |    16 |    20 |    22 ||    58
         Constrict         |    20 |    25 |    16 ||    61
         Punch             |     1 |     4 |     5 ||    10
  Evoke: Wand              |       |       |     4 ||     4
    Use: Scroll            |       |     5 |       ||     5
         Potion            |       |     1 |       ||     1
   Stab: Sleeping          |     6 |     4 |     5 ||    15
         Distracted        |       |       |     1 ||     1
 Armour: Skin              |    23 |    54 |    43 ||   120
  Dodge: Dodged            |    34 |    51 |    47 ||   132

Table legend: (Time is in decaauts)
 A = Elapsed time spent in this place.
 B = Non-inter-level travel time spent in this place.
 C = Inter-level travel time spent in this place.
 D = Time resting spent in this place.
 E = Time spent auto-exploring this place.
 F = Levels seen in this place.
 G = Mean time per level.
                   A        B        C        D        E       F      G
               +--------+--------+--------+--------+--------+-----+--------+
         Total |   4472 |   4233 |    239 |    118 |   3295 |   6 |  745.3 |
       Dungeon |   4472 |   4233 |    239 |    118 |   3295 |   6 |  745.3 |
               +--------+--------+--------+--------+--------+-----+--------+

Top non-repeatable levels by time:
     D:3: 977 daAuts
     D:5: 917 daAuts
     D:1: 851 daAuts
     D:4: 842 daAuts
     D:2: 621 daAuts
     D:6: 262 daAuts
